 Dungeon Crawl Stone Soup version 0.17.1-2-g5865329 (webtiles) character file.

1109 kaze the Ducker (level 8, -4/78 HPs)
             Began as a Troll Berserker on Feb 11, 2016.
             Was a Priest of Trog.
             Slain by Prince Ribbit (18 damage)
             ... on level 5 of the Dungeon.
             The game lasted 00:14:48 (3178 turns).

kaze the Ducker (Troll Berserker)                   Turns: 3178, Time: 00:14:48

Health: -4/78      AC: 10    Str: 28    XL:     8   Next: 11%
Magic:  7/7        EV: 11    Int:  3    God:    Trog [***...]
Gold:   206        SH:  0    Dex:  9    Spells: 0 memorised, 7 levels left

rFire  . . .     SeeInvis .     l - +2 great sword
rCold  . . .     Clarity  .     a - +0 animal skin
rNeg   . . .     SustAt   .     (shield currently unavailable)
rPois  .         Gourm    +     (helmet restricted)
rElec  .         Spirit   .     u - +0 cloak
rCorr  .         Warding  .     (gloves unavailable)
rMut   .         Stasis   .     (boots unavailable)
MR     ++++.                    (no amulet)
Stlth  +.........               v - ring of protection from magic
                                n - +4 ring of protection

@: exhausted, regenerating, slowed, very slow, incredibly resistant to hostile
enchantments, very unstealthy
A: unfitting armour, claws 3, fast metabolism 3, gourmand, magic resistance 1,
regeneration 2, shaggy fur 1, tough skin 2
a: Berserk, Trog's Hand, Burn Spellbooks, Renounce Religion


You were on level 5 of the Dungeon.
You worshipped Trog.
Trog was most pleased with you.
You were very hungry.

You visited 1 branch of the dungeon, and saw 5 of its levels.

You collected 206 gold pieces.

Inventory:

Hand Weapons
 l - a +2 great sword (weapon)
 t - a +2 falchion of slicing
Armour
 a - a +0 animal skin (worn)
 u - a +0 cloak (worn)
Jewellery
 n - a +4 ring of protection (left claw)
 v - a ring of protection from magic (right claw)
Wands
 i - a wand of draining (7)
Scrolls
 c - a scroll of teleportation
 e - a scroll of recharging
 g - a scroll of random uselessness {unknown}
 h - a scroll of blinking {unknown}
 j - a scroll of brand weapon {unknown}
 k - a scroll of identify
 q - a scroll of fog
 r - a scroll of remove curse
Potions
 f - a potion of might
Comestibles
 b - 4 bread rations
 d - a royal jelly
 m - a fruit
 o - 2 beef jerkies
 p - a slice of pizza


   Skills:
 + Level 4.2 Fighting
 + Level 3.6 Long Blades
   Level 0.4 Axes
 + Level 6.1 Dodging
 + Level 1.1 Stealth
 + Level 3.1 Unarmed Combat


You had 7 spell levels left.
You didn't know any spells.

Dungeon Overview and Level Annotations

Branches:
Dungeon (5/15)
 Temple: D:4-7

Altars:
Xom
Zin

Shops:
D:5 }

Annotations:
D:4 Menkaure
D:5 Prince Ribbit


Innate Abilities, Weirdness & Mutations

You are too large for most types of armour.
You have claws for hands.
Your metabolism is lightning-fast.
You like to eat raw meat.
You heal very quickly.
You are covered in fur (AC +1).
You have very tough skin (AC +2).
You are resistant to hostile enchantments.


Message History

Prince Ribbit completely misses you. Prince Ribbit hits you!
You slash Prince Ribbit!
Prince Ribbit is lightly wounded.
Prince Ribbit blinks! x2
Prince Ribbit says, "You're just another fly to me."
Your skin crawls.
You feel resistant to hostile enchantments.
You feel slightly more hungry. Prince Ribbit hits you. Prince Ribbit hits you!
* * * LOW HITPOINT WARNING * * *
Prince Ribbit momentarily phases out as your attack passes through him.
Prince Ribbit is lightly wounded.
You hear the rapid rusting of a very distant drain.
Prince Ribbit misses you. Prince Ribbit closely misses you.
Prince Ribbit hits you!
* * * LOW HITPOINT WARNING * * *
Prince Ribbit momentarily phases out as your attack passes through him.
Prince Ribbit is lightly wounded.
Prince Ribbit completely misses you. Prince Ribbit barely misses you.
Prince Ribbit hits you!!
You die...

...#..#.#....................#
...####.##############.#####.#
.. ...............#.#
##.###......).....#
.................#
..#..............#
..#..............#
..............#
.......@F.....#
#.............#
#.............#
#.............#
..#+#.......#.# . #.#####.#.#
#. .# # #. .#


You could see Prince Ribbit.

Vanquished Creatures
  Sigmund (D:4)
  2 phantoms
  A necrophage (D:5)
  An ogre (D:4)
  A gnoll sergeant (D:5)
  3 orc wizards
  4 orc priests
  A giant frog zombie (D:4)
  An iguana (D:4)
  4 worker ants
  5 gnolls (D:5)
  3 adders
  An adder skeleton (D:4)
  A worm (D:2)
  2 giant geckos
  14 orcs
  2 hobgoblins
  10 jackals
  2 quokkas
  A ball python (D:2)
  9 bats
  2 giant cockroaches
  8 giant newts
  7 goblins
  11 kobolds
  5 rats
102 creatures vanquished.

Notes
Turn   | Place    | Note
--------------------------------------------------------------
     0 | D:1      | kaze the Troll Berserker began the quest for the Orb.
     0 | D:1      | Reached XP level 1. HP: 22/22 MP: 0/0
   277 | D:1      | Reached XP level 2. HP: 29/29 MP: 1/1
   621 | D:2      | Reached ** piety under Trog
   832 | D:2      | Found a faded altar to an unknown god.
   874 | D:2      | Reached XP level 3. HP: 33/36 MP: 2/2
  1317 | D:3      | Reached XP level 4. HP: 44/44 MP: 3/3
  1333 | D:3      | Reached *** piety under Trog
  1510 | D:3      | Reached skill level 4 in Dodging
  1510 | D:3      | Reached XP level 5. HP: 45/53 MP: 4/4
  1644 | D:3      | Reached skill level 1 in Long Blades
  1938 | D:4      | Noticed an angel
  1942 | D:4      | Found a glowing silver altar of Zin.
  1942 | D:4      | Found a shimmering altar of Xom.
  2013 | D:4      | Noticed a phantom
  2026 | D:4      | Noticed an ogre
  2037 | D:4      | Killed an ogre
  2037 | D:4      | Reached XP level 6. HP: 47/61 MP: 5/5
  2041 | D:4      | Killed a phantom
  2041 | D:4      | Reached skill level 1 in Stealth
  2042 | D:4      | Noticed Sigmund
  2064 | D:4      | Killed Sigmund
  2064 | D:4      | Reached skill level 5 in Dodging
  2064 | D:4      | Reached XP level 7. HP: 41/67 MP: 6/6
  2273 | D:4      | Noticed Menkaure
  2482 | D:4      | Gained mutation: You are resistant to hostile enchantments. [potion of beneficial mutation]
  2492 | D:5      | Entered Level 5 of the Dungeon
  2851 | D:5      | Found Lirob's Quality Used Wands.
  3018 | D:5      | Reached skill level 6 in Dodging
  3018 | D:5      | Reached XP level 8. HP: 78/78 MP: 7/7
  3159 | D:5      | Noticed Prince Ribbit
  3178 | D:5      | Slain by Prince Ribbit

Action                   |  1- 3 |  4- 6 |  7- 9 || total
-------------------------+-------+-------+-------++-------
Melee: Hand axe          |    79 |       |       ||    79
       Dagger            |     9 |       |       ||     9
       Unarmed           |     7 |       |       ||     7
       Great sword       |    75 |   118 |    92 ||   285
Invok: Berserk           |     2 |     1 |     4 ||     7
       Trog's Hand       |     1 |     1 |     4 ||     6
       Burn Spellbooks   |       |       |     1 ||     1
  Use: Scroll            |     3 |     8 |     1 ||    12
       Potion            |       |       |     5 ||     5
 Stab: Sleeping          |     3 |       |       ||     3
  Eat: Chunk             |    11 |     9 |    11 ||    31
       Bread ration      |     1 |       |       ||     1
